 Dungeon Crawl Stone Soup version 0.22-a0-877-g5c4e1af (webtiles) character file.

758 GroovyGamera the Charmwright (level 7, -1/49 HPs)
             Began as a Merfolk Skald on July 29, 2018.
             Was a Follower of Hepliaklqana.
             Shot with an arrow by a centaur (10 damage)
             ... on level 5 of the Dungeon.
             The game lasted 00:18:54 (5055 turns).

GroovyGamera the Charmwright (Merfolk Skald)        Turns: 5055, Time: 00:18:54

Health: -1/49      AC:  6    Str: 12    XL:     7   Next: 80%
Magic:  9/12       EV: 13    Int: 14    God:    Hepliaklqana [*.....]
Gold:   137        SH:  0    Dex: 13    Spells: 6/13 levels left

rFire    . . .     SeeInvis +   e - +2 dagger (venom)
rCold    . . .     Gourm    .   (no shield)
rNeg     . . .     Faith    .   z - +2 robe {MR+}
rPois    .         Spirit   .   (no helmet)
rElec    .         Reflect  .   (no cloak)
rCorr    .         Harm     .   (no gloves)
MR       +....                  r - +1 pair of boots
Stlth    +.........             (no amulet)
HPRegen  0.16/turn              u - ring of see invisible
MPRegen  0.13/turn              (no ring)

@: no status effects
A: change form in water, swift swim, stealthy swim, reduced essence
a: Recall Ancestor, Ancestor Identity, Renounce Religion


You were on level 5 of the Dungeon.
You worshipped Hepliaklqana.
Hepliaklqana was aware of your devotion.
You were not hungry.

You visited 1 branch of the dungeon, and saw 5 of its levels.

You collected 331 gold pieces.
You spent 194 gold pieces at shops.

Inventory:

Hand Weapons
 a - a +0 spear
 e - a +2 dagger of venom (weapon)
Missiles
 q - 61 bolts
 y - 6 tomahawks (quivered)
Armour
 c - a +0 large shield
 p - a +0 shield
 r - a +1 pair of boots (worn)
 z - a +2 robe of magic resistance (worn)
Jewellery
 u - a ring of see invisible (left hand)
 v - an uncursed ring of protection from magic
 x - an uncursed ring of flight
Scrolls
 b - 2 scrolls of fog {unknown}
 g - 2 scrolls of teleportation
 i - a scroll of noise {unknown}
 l - 3 scrolls of remove curse
 m - a scroll of enchant weapon {unknown}
 o - a scroll of magic mapping {unknown}
 t - 2 scrolls of immolation {unknown}
 w - a scroll of enchant armour {unknown}
Potions
 f - 2 potions of mutation
 h - a potion of might {unknown}
 j - a potion of heal wounds {unknown}
 k - a potion of haste
 n - 3 potions of curing
 s - a potion of lignification {unknown}
Comestibles
 d - 14 rations
 A - 4 chunks of flesh


   Skills:
 + Level 4.6 Fighting
 - Level 4.0 Polearms
 - Level 0.8 Armour
 - Level 2.9 Dodging
 + Level 3.8 Spellcasting
 * Level 6.5 Charms
 + Level 3.2 Invocations


You had 6 spell levels left.
You knew the following spells:

 Your Spells              Type           Power        Failure   Level  Hunger
a - Infusion              Chrm           ###.         1%          1    None
b - Spectral Weapon       Hex/Chrm       ##......     16%         3    ###....
c - Regeneration          Chrm/Necr      ##........   16%         3    ###....

Your spell library contained the following spells:

 Spells                   Type           Power        Failure   Level  Hunger
 Shroud of Golubria       Chrm/Tloc      ##........   8%          2    ##.....
 Song of Slaying          Chrm           ###.....     1%          2    ##.....


Dungeon Overview and Level Annotations

Branches:
Dungeon (5/15)             Temple (0/1) D:4

Altars:
Ashenzari
Cheibriados
Hepliaklqana
Nemelex Xobeh
Ru
Vehumet
Wu Jian
Yredelemnul

Shops:
D:4 ![


Message History

The centaur shoots an arrow.
The arrow hits you.
You see here an arrow.
The centaur shoots an arrow.
The arrow hits you!
The centaur shoots an arrow.
The arrow hits you.
You see here an arrow.
The centaur shoots an arrow.
The arrow closely misses you.
The centaur shoots an arrow.
The arrow hits you!
* * * LOW HITPOINT WARNING * * *
You see here an arrow.
You feel better.
The centaur shoots an arrow.
The arrow hits you.
The centaur shoots an arrow.
The arrow hits you.
* * * LOW HITPOINT WARNING * * *
Some of the chunks of flesh in your inventory have rotted away.
Casting: Regeneration (safe; 16% risk of failure)
Confirm with . or Enter, or press ? or * to list all spells.
You draw out your weapon's spirit!
The centaur shoots an arrow.
The arrow misses you.
The centaur shoots an arrow.
The arrow closely misses you.
The centaur shoots an arrow.
The arrow hits you!
You die...

#.......###.## #..##.#
#.....### ........# #..#
#..##.# #.....##
#.......# ##.#
#..##'###......#
#.......# #.#
#............#.# #.##
#............#.# #..#
#.......)....#.# ####.#
#........#...#.#
#....###........#..)#.##
+......@(.#........#...#
#.....##..#.########...#
#####.##((#.# #...#
#.##(.#.#.. #...#
#.##..#.#....# #...#
######..#..#.#....#
#...#
.........#c.#.#....
##.## .........#..#.....
#.# .[.......#.(#....#
#.#


You could see a centaur and a friendly spectral dagger of venom.

Vanquished Creatures
  2 ogres
  A scorpion (D:4)
  A crimson imp (D:5)
  An orc wizard (D:5)
  2 iguanas (D:5)
  7 worker ants
  A hound skeleton (D:4)
  7 adders
  A shadow imp (D:2)
  4 worms
  4 leopard geckos
  5 orcs
  5 bats
  3 giant cockroaches
  10 hobgoblins
  3 jackals
  3 quokkas
  A ball python (D:2)
  3 frilled lizards (D:1)
  4 goblins
  6 kobolds
  A rat (D:3)
75 creatures vanquished.

Vanquished Creatures (collateral kills)
  A scorpion (D:3)
  An iguana (D:4)
  An adder (D:4)
  An orc (D:3)
  A bat (D:2)
  A giant cockroach (D:3)
  2 jackals (D:4)
  A leopard gecko skeleton (D:5)
9 creatures vanquished.

Vanquished Creatures (others)
  An ancestor (D:5)
1 creature vanquished.

Grand Total: 85 creatures vanquished

Notes
Turn   | Place    | Note
-------+----------+-------------------------------------------
     0 | D:1      | GroovyGamera the Merfolk Skald began the quest for the Orb.
     0 | D:1      | Reached XP level 1. HP: 16/16 MP: 3/3
   190 | D:1      | Reached XP level 2. HP: 10/22 MP: 5/5
  1348 | D:2      | Reached XP level 3. HP: 24/28 MP: 6/6
  1662 | D:2      | Found a hazy altar of Hepliaklqana.
  1671 | D:2      | Became a worshipper of Hepliaklqana the Forgotten
  1702 | D:2      | Reached skill level 4 in Charms
  1831 | D:2      | Reached XP level 4. HP: 24/30 MP: 7/7
  2273 | D:2      | Found a basalt altar of Yredelemnul.
  2488 | D:2      | Learned a level 3 spell: Spectral Weapon
  2492 | D:2      | Learned a level 3 spell: Regeneration
  2548 | D:3      | Found a faded altar of an unknown god.
  2567 | D:3      | Reached XP level 5. HP: 34/36 MP: 7/9
  2718 | D:3      | Reached skill level 1 in Invocations
  2757 | D:3      | Found a sacrificial altar of Ru.
  2763 | D:3      | Found a snail-covered altar of Cheibriados.
  2763 | D:3      | Found a shattered altar of Ashenzari.
  2938 | D:3      | Found a sparkling altar of Nemelex Xobeh.
  3383 | D:4      | Reached skill level 5 in Charms
  3443 | D:4      | Found a radiant altar of Vehumet.
  3443 | D:4      | Reached * piety under Hepliaklqana
  3503 | D:4      | Noticed an ogre
  3511 | D:4      | Killed an ogre
  3511 | D:4      | Reached XP level 6. HP: 26/43 MP: 10/10
  3661 | D:4      | Found Wouni's Armour Shoppe.
  3665 | D:4      | Bought a +2 robe of magic resistance for 194 gold pieces
  3923 | D:4      | Found a staircase to the Ecumenical Temple.
  4094 | D:4      | Reached XP level 7. HP: 43/48 MP: 12/12
  4172 | D:4      | Found Vuup's Distillery.
  4282 | D:4      | Found an ornate altar of the Wu Jian Council.
  4503 | D:5      | Entered Level 5 of the Dungeon
  4525 | D:5      | Reached skill level 6 in Charms
  5055 | D:5      | Shot with an arrow by a centaur

Vault maps used:
D:1:      lemuel_arrival_room
D:2:      overflow_temple_1_default, lemuel_crystal_altar, interstate_on_off,
          minmay_misc_feat_tower
D:3:      cheibrodos_old_hovel, nemelex_xobeh_ov_fountains_minmay, minitemple,
          chequers_ecumenical_altar_island
D:4:      kennysheep_mini, lemuel_crystal_altar, minmay_temple_entry_grid,
          first_ration, serial_shops, shop, nicolae_shop_trees
D:5:      old_standard_altar, uniq_edmund

Skill      XL: |  1  2  3  4  5  6  7 |
---------------+----------------------+-----
Charms         | 4 5 6 |  6.5
Polearms       | 4 |  4.0
Fighting       | 3 4 |  4.6
Invocations    | 1 2 3 |  3.2
Spellcasting   | 3 |  3.8
Armour         | |  0.8
Dodging        | |  2.9

Action                   |  1- 3 |  4- 6 |  7- 9 || total
-------------------------+-------+-------+-------++-------
Melee: Spear             |    26 |       |       ||    26
       Dagger            |    74 |   151 |    64 ||   289
 Cast: Regeneration      |       |       |     4 ||     4
       Spectral Weapon   |       |       |     3 ||     3
Invok: Ancestor Identity |       |     1 |       ||     1
  Use: Scroll            |       |     6 |     4 ||    10
       Potion            |       |       |     1 ||     1
 Stab: Sleeping          |     1 |     1 |     1 ||     3
       Distracted        |       |     1 |       ||     1
  Eat: Chunk             |     3 |     4 |     4 ||    11
       Ration            |       |     1 |       ||     1
Armor: Leather armour    |    11 |       |       ||    11
       Ring mail         |    17 |    47 |       ||    64
       Robe              |       |     6 |     9 ||    15
Dodge: Dodged            |    39 |    66 |    28 ||   133
Block: Shield            |       |    35 |       ||    35

Table legend:
 A = Spawn XP
 B = Non-spawn XP
 C = Spawn XP percentage of total XP
 D = Spawn monster count
 E = Non-spawn monster count
 F = Spawn count percentage of total count
 G = Total turns spent on level
                    A         B        C        D         E        F      G
               +---------+---------+-------+---------+---------+-------+---------
         Total |       0 |    1084 |   0.0 |       0 |      84 |   0.0 |  5055
               +---------+---------+-------+---------+---------+-------+---------
           D:1 |       0 |      18 |   0.0 |       0 |      12 |   0.0 |  1199
           D:2 |       0 |     113 |   0.0 |       0 |      29 |   0.0 |  1317
           D:3 |       0 |     115 |   0.0 |       0 |      14 |   0.0 |   796
           D:4 |       0 |     469 |   0.0 |       0 |      17 |   0.0 |  1191
           D:5 |       0 |     369 |   0.0 |       0 |      12 |   0.0 |   552
               +---------+---------+-------+---------+---------+-------+---------
